AoeStats
← OTTOMAN EMPİREEEEEEE5956

Arena

509963241Analyzed
4v4 RM · 3d ago on Sep 28, 2026· 21m 4s· 8 players
Game mode
Random Map
Map size
Large (8 player)
Population
200
Speed
Normal
Resources
Standard
Victory
Conquest
Starting age
Dark Age
Ending age
Imperial Age
RankedLock teamsTeams togetherTeam positionsShared explorationLock speedFull tech treeHidden civsTurbo modeCheats
Victory
Defeat
🇹🇷 Italians · Türkiye
1245
+15
🇹🇷 Persians · Türkiye
1219
+16
🇹🇷 Huns · Türkiye
1199
+17
🇹🇷 Vietnamese · Türkiye
1198
+17
🇮🇹 Britons · Italy
1255
-19
🇦🇷 Malay · Argentina
1221
-16
🇨🇳 Franks · China
1208
-16
🇸🇰 Hindustanis · Slovakia
1173
-14
乌兰巴托
10:15 Feudal Age
14:17 Castle Age
13:21 Double-Bit Axe
16:59 Loom
SNOWMAN
10:26 Feudal Age
14:13 Castle Age
12:34 Double-Bit Axe
13:40 Horse Collar
15:17 Bow Saw
18:26 Loom
Kebab do ruky
11:52 Feudal Age
16:55 Castle Age
15:09 Double-Bit Axe
16:31 Horse Collar
19:18 Wheelbarrow
Raya de Merca
5:32 Loom
8:06 Feudal Age
10:24 Double-Bit Axe
13:22 Fletching
15:50 Horse Collar
OTTOMAN EMPİREEEEEEE5956
10:17 Feudal Age
15:32 Castle Age
15:31 Scale Barding Armor
16:37 Chain Barding Armor
17:05 Husbandry
yusufcan5659
7:21 Loom
9:49 Feudal Age
10:18 Horse Collar
16:21 Castle Age
14:45 Double-Bit Axe
ShadoW
11:09 Feudal Age
12:53 Double-Bit Axe
15:13 Castle Age
13:13 Horse Collar
16:29 Bow Saw
16:31 Heavy Plow
18:02 Wheelbarrow
HAWK JAMOKA5956
7:44 Loom
10:36 Feudal Age
20:42 Castle Age
18:49 Double-Bit Axe
18:49 Horse Collar
Connection lost

Rejoining the realm…

Still unreachable

The connection could not be restored.

Session expired

The server has moved on; the page needs a fresh start.